 Dungeon Crawl Stone Soup version 0.16-a0-1029-gdfc7942 (webtiles) character file.

1114 Foahim the Skirmisher (level 8, -10/69 HPs)
             Began as a White Draconian Fighter on Oct 4, 2014.
             Mangled by Prince Ribbit (17 damage)
             ... on level 6 of the Dungeon.
             The game lasted 00:13:23 (4077 turns).

Foahim the Skirmisher (White Draconian Fighter)     Turns: 4077, Time: 00:13:23

HP -10/69        AC  9     Str 18      XL: 8   Next: 12%
MP   8/8         EV 12     Int 10      God:
Gold 279         SH  9     Dex 12      Spells:  0 memorised,  7 levels left

rFire  . . .     SeeInvis .     t - +4 war axe of Sunlight {vamp, MR+}
rCold  + . .     Clarity  .     (armour unavailable)
rNeg   . . .     rCorr    .     c - +0 shield
rPois  .         rRot     .     (helmet restricted)
rElec  .         Spirit   .     (no cloak)
SustAb .         Warding  .     b - +0 pair of gloves
rMut   .         Stasis   .     u - +1 pair of boots {Stlth+}
Gourm  .                        (no amulet)
MR     ++...                    (no ring)
                                j - ring of protection from magic

@: very resistant to hostile enchantments, fairly stealthy
A: breathe frost, unfitting armour, cold resistance 1, cold-blooded, AC +6
a: Breathe Frost


You were on level 6 of the Dungeon.
You were hungry.

You visited 1 branch of the dungeon, and saw 6 of its levels.

You collected 279 gold pieces.

Inventory:

Hand weapons
 a - a +0 long sword
 t - the cursed +4 war axe of Sunlight (weapon) {vamp, MR+}
   (You found it on level 4 of the Dungeon)

   It inflicts no extra harm, but heals its wielder somewhat when it strikes a
   living foe.
   It affects your resistance to hostile enchantments.
   It has a curse placed upon it.
Armour
 b - a +0 pair of gloves (worn)
 c - a +0 shield (worn)
 u - a +1 pair of boots of stealth (worn)
Magical devices
 x - a wand of cold (7) {unknown}
Comestibles
 d - a bread ration
 h - a meat ration
 l - a beef jerky
Scrolls
 f - 3 scrolls of remove curse {unknown}
 g - a scroll of enchant weapon {unknown}
 i - a scroll of teleportation {unknown}
 m - 2 scrolls of amnesia {unknown}
 n - 4 scrolls of identify {unknown}
 o - a scroll of fear {unknown}
 p - 2 scrolls of recharging {unknown}
 r - a scroll of random uselessness {unknown}
 w - a scroll of fog {unknown}
Jewellery
 j - a ring of protection from magic (left hand)
Potions
 e - a potion of might
 k - 3 potions of restore abilities
 q - a potion of brilliance {unknown}
 s - 2 potions of curing {unknown}
 v - 2 potions of cancellation {unknown}


   Skills:
 + Level 5.4 Fighting
 - Level 3.3 Long Blades
 * Level 4.5 Axes
 + Level 5.3 Dodging
 + Level 1.9 Stealth
 + Level 4.8 Shields


You had 7 spell levels left.
You didn't know any spells.

Dungeon Overview and Level Annotations

Branches:
Dungeon (6/15)
 Temple: D:4-7

Altars:
Dithmenos
Sif Muna
Vehumet

Annotations:
D:6 Prince Ribbit


Innate Abilities, Weirdness & Mutations

You can breathe waves of freezing cold.
You can buffet flying creatures when you breathe cold.
Your icy white scales are hard (AC +6).
Your body does not fit into most forms of armour.
Your flesh is cold resistant.
Your cold-blooded metabolism reacts poorly to cold.


Message History

You block Prince Ribbit's attack. Prince Ribbit hits you.
You miss Prince Ribbit.
Prince Ribbit is lightly wounded.
Prince Ribbit hits you!
* * * LOW HITPOINT WARNING * * *
You miss Prince Ribbit.
Prince Ribbit is lightly wounded.
Prince Ribbit hits you but does no damage.
You block Prince Ribbit's attack.
You completely miss Prince Ribbit.
Prince Ribbit is lightly wounded.
You block Prince Ribbit's attack. Prince Ribbit hits you!
* * * LOW HITPOINT WARNING * * *
You miss Prince Ribbit.
Prince Ribbit is lightly wounded.
You block Prince Ribbit's attack. Prince Ribbit hits you.
* * * LOW HITPOINT WARNING * * *
You feel refreshed.
It was a potion of restore abilities.
Prince Ribbit hits you!
You die...

##..... ... # ... # #
#.# .# # #.# .#
#####.############.####
........................
...................#
.####.######....@F.# ..#
#.# #.#####.# #.###.#
.... .. #..##.# ######
K.# ##.##.# .# #..#.# #
##.#.# ###...# ......#


You could see Prince Ribbit and a kobold (sleeping).

Vanquished Creatures
  An ice beast (D:5)
  2 ogres
  A centaur (D:6)
  A giant frog (D:6)
  2 crimson imps (D:5)
  An orc priest (D:4)
  2 hounds
  3 iguanas
  3 orc wizards (D:4)
  4 worker ants
  9 adders
  2 giant mites
  A shadow imp (D:5)
  8 worms
  3 giant geckos
  3 oozes (D:1)
  16 orcs
  2 ball pythons
  2 giant cockroaches
  A gnoll skeleton (D:6)
  9 hobgoblins
  12 kobolds
  4 quokkas
  12 bats
  5 giant newts
  13 goblins
  A goblin zombie (D:5)
  A kobold skeleton (D:5)
  25 rats
  A rat zombie (D:4)
150 creatures vanquished.

Notes
Turn   | Place    | Note
--------------------------------------------------------------
     0 | D:1      | Foahim, the Draconian Fighter, began the quest for the Orb.
     0 | D:1      | Reached XP level 1. HP: 19/19 MP: 1/1
    25 | D:1      | Reached XP level 2. HP: 21/26 MP: 2/2
   462 | D:1      | Reached skill level 4 in Fighting
   472 | D:1      | Reached XP level 3. HP: 33/33 MP: 3/3
   963 | D:2      | Found a shadowy altar of Dithmenos.
   965 | D:2      | Reached XP level 4. HP: 20/40 MP: 4/4
  1384 | D:2      | Reached XP level 5. HP: 4/46 MP: 5/5
  1555 | D:3      | Found a deep blue altar of Sif Muna.
  2220 | D:4      | Got a twisted war axe
  2221 | D:4      | Identified the cursed +4 war axe of Sunlight {vamp, MR+} (You found it on level 4 of the Dungeon)
  2233 | D:4      | Reached XP level 6. HP: 41/53 MP: 6/6
  2465 | D:4      | Noticed an ogre
  2472 | D:4      | Killed an ogre
  2472 | D:4      | Reached skill level 1 in Axes
  2603 | D:4      | Reached skill level 1 in Stealth
  2603 | D:4      | Your scales start taking on an icy white colour.
  2603 | D:4      | Gained mutation: Your flesh is cold resistant. [draconian maturity]
  2603 | D:4      | Reached XP level 7. HP: 35/60 MP: 7/7
  2903 | D:5      | Entered Level 5 of the Dungeon
  3001 | D:5      | Reached skill level 5 in Fighting
  3163 | D:5      | Reached skill level 5 in Dodging
  3228 | D:5      | Found a radiant altar of Vehumet.
  3853 | D:6      | Reached XP level 8. HP: 63/69 MP: 8/8
  4062 | D:6      | Noticed Prince Ribbit
  4077 | D:6      | Mangled by Prince Ribbit

Action                   |  1- 3 |  4- 6 |  7- 9 || total
-------------------------+-------+-------+-------++-------
Melee: Long sword        |   153 |   160 |       ||   313
       War axe           |       |    60 |   121 ||   181
  Use: Potion            |       |       |     1 ||     1
 Stab: Sleeping          |       |     2 |     4 ||     6
  Eat: Bread ration      |     1 |       |     1 ||     2
       Meat ration       |       |     1 |       ||     1
       Beef jerky        |       |     1 |       ||     1
